 Dungeon Crawl Stone Soup version 0.17.0-9-g801d43b (webtiles) character file.

581 JudasIscariot the Skirmisher (level 7, -4/62 HPs)
             Began as a Ghoul Berserker on Nov 9, 2015.
             Was a Believer of Trog.
             Slain by an ogre
             ... wielding a +0 giant spiked club
              (11 damage)
             ... on level 4 of the Dungeon.
             The game lasted 00:10:13 (2841 turns).

JudasIscariot the Skirmisher (Ghoul Berserker)      Turns: 2841, Time: 00:10:14

Health: -4/62      AC: 13    Str: 22    XL:     7   Next: 36%
Magic:  6/6        EV:  8    Int:  3    God:    Trog [**....]
Gold:   160        SH:  0    Dex:  8    Spells: 0 memorised, 6 levels left

rFire  . . .     SeeInvis .     a - +0 mace
rCold  + . .     Clarity  .     m - +3 chain mail
rNeg   + + +     SustAt   .     (no shield)
rPois  ∞         Gourm    .     i - +0 helmet
rElec  .         Spirit   .     (no cloak)
rCorr  .         Warding  .     (no gloves)
rMut   .         Stasis   .     (no boots)
MR     .....                    (no amulet)
Stlth  ..........               (no ring)
                                (no ring)

@: rotting, not resistant to hostile enchantments, extremely unstealthy
A: rotting body, claws 1, carnivore 3, cold resistance 1, negative energy
resistance 3, slow regeneration 1, torment resistance, unbreathing
a: Trog's Hand, Burn Spellbooks, Renounce Religion


You were on level 4 of the Dungeon.
You worshipped Trog.
Trog was pleased with you.
You were not hungry.

You visited 1 branch of the dungeon, and saw 4 of its levels.

You collected 160 gold pieces.

Inventory:

Hand Weapons
 a - a +0 mace (weapon)
Missiles
 k - 6 poisoned javelins (quivered)
Armour
 i - a +0 helmet (worn)
 m - a +3 chain mail (worn)
Wands
 l - a wand of random effects (29)
Scrolls
 d - a scroll of immolation {unknown}
 e - 6 scrolls of identify {unknown}
 h - a scroll of random uselessness {unknown}
 o - a scroll of fear {unknown}
 p - a scroll of noise {unknown}
Potions
 b - a potion of invisibility {unknown}
 f - a potion of curing {unknown}
 j - 2 potions of flight {unknown}
 n - a potion of might {unknown}
 q - a potion of cancellation {unknown}
 r - a potion of lignification {unknown}
Comestibles
 c - 2 meat rations
 g - a beef jerky


   Skills:
 * Level 5.6 Fighting
 * Level 4.7 Maces & Flails
 + Level 0.8 Throwing
 * Level 3.4 Armour
 + Level 3.0 Dodging
 + Level 0.8 Stealth


You had 6 spell levels left.
You didn't know any spells.

Dungeon Overview and Level Annotations

Branches:
Dungeon (4/15)
 Temple: D:4-7

Altars:
Ashenzari


Innate Abilities, Weirdness & Mutations

Your body is rotting away.
You thrive on raw meat.
You are immune to poison.
You have sharp fingernails.
You are carnivorous and can eat meat at any time.
Your flesh is cold resistant.
You are immune to negative energy.
You regenerate slowly when monsters are visible.
You are immune to unholy pain and torment.
You can survive without breathing.


Message History

You see here a giant club.
e - 6 scrolls labeled JAERAU CIXZO (gained 1)
Found a stone staircase leading up.
You now have 141 gold pieces (gained 13).
You now have 160 gold pieces (gained 19).
An ogre comes into view. It is wielding a giant spiked club.
Found a long sword.
You hit the ogre.
The ogre is lightly wounded.
The ogre hits you with a giant spiked club!
You barely miss the ogre.
The ogre is lightly wounded.
The ogre hits you with a giant spiked club!!
* * * LOW HITPOINT WARNING * * *
You sock the ogre!
The ogre is heavily wounded.
You hit the ogre.
The ogre is severely wounded.
The ogre hits you with a giant spiked club!
You die...

#.# ###
.##
#.<....
#.# .#
#........
##.## .#
##.......
#...## ..
....#...#
#.#..# .#
..........
#.##.##.#
.......###
#. #.#..#
...... ..
#. #.O.#
....... ..
#@.## ####
..#..## .
.....# ##
........ .
.)....#.#
......#.#
......#.#
.....##.#


You could see an ogre.

Vanquished Creatures
  Sigmund (D:2)
  2 ogres (D:4)
  An iguana (D:3)
  2 hounds (D:4)
  Terence (D:2)
  5 adders
  A gnoll (D:1)
  3 oozes
  A worm (D:3)
  2 giant geckos
  2 giant cockroaches
  11 goblins
  10 hobgoblins
  4 jackals (D:2)
  A quokka (D:3)
  9 bats
  4 giant newts
  8 rats
68 creatures vanquished.

Notes
Turn   | Place    | Note
--------------------------------------------------------------
     0 | D:1      | JudasIscariot the Ghoul Berserker began the quest for the Orb.
     0 | D:1      | Reached XP level 1. HP: 19/19 MP: 0/0
    97 | D:1      | Reached XP level 2. HP: 15/26 MP: 1/1
   334 | D:1      | Found a shattered altar of Ashenzari.
   366 | D:1      | Reached skill level 4 in Fighting
   366 | D:1      | Reached XP level 3. HP: 3/33 MP: 2/2
   370 | D:1      | HP: 1/33 [rat (2)]
   892 | D:1      | Reached ** piety under Trog
  1325 | D:2      | Reached XP level 4. HP: 32/40 MP: 3/3
  1483 | D:2      | Noticed Terence
  1530 | D:2      | Killed Terence
  1575 | D:2      | Noticed Sigmund
  1603 | D:2      | Killed Sigmund
  1603 | D:2      | Reached skill level 5 in Fighting
  1603 | D:2      | Reached XP level 5. HP: 20/47 MP: 4/4
  1603 | D:2      | Reached XP level 6. HP: 23/55 MP: 5/5
  2725 | D:4      | Reached XP level 7. HP: 15/61 MP: 6/6
  2841 | D:4      | Slain by an ogre

Action                   |  1- 3 |  4- 6 |  7- 9 || total
-------------------------+-------+-------+-------++-------
Melee: Mace              |    90 |   177 |    24 ||   291
Throw: Javelin           |       |    15 |       ||    15
Invok: Trog's Hand       |       |     4 |       ||     4
  Eat: Chunk             |    24 |    17 |     6 ||    47
